AoeStats
← Madrabaz

Arabian Desert

509307355Analyzed
1v1 RM · 6d ago on Sep 26, 2026· 31m 55s· 2 players
Game mode
Random Map
Map size
Tiny (2 player)
Population
200
Speed
Normal
Resources
Standard
Victory
Conquest
Starting age
Dark Age
Ending age
Imperial Age
RankedLock teamsTeams togetherTeam positionsShared explorationLock speedFull tech treeHidden civsTurbo modeCheats
Victory
Defeat
🇫🇷 Franks · France
446
+19
🇹🇷 Cumans · Türkiye
513
-19
Madrabaz
10:32 Feudal Age
15:10 Bloodlines
21:34 Castle Age
29:16 Capped Ram
William Smith
6:54 Loom
11:33 Feudal Age
12:54 Wheelbarrow
12:16 Double-Bit Axe
20:04 Castle Age
19:50 Scale Barding Armor
19:45 Scale Mail Armor
19:57 Forging
19:46 Stone Mining
19:46 Gold Mining
21:13 Hand Cart
22:59 Bow Saw
24:50 Pikeman
27:51 Gold Shaft Mining
27:39 Ordonnance Companies
30:54 Squires
Connection lost

Rejoining the realm…

Still unreachable

The connection could not be restored.

Session expired

The server has moved on; the page needs a fresh start.